 Dungeon Crawl Stone Soup version 0.28.0-53-g5a82cb258f (webtiles) character file.

Game seed: 5459256703674098272

26 Gabide the Skirmisher (level 3, 0/23 HPs)
             Began as a Gargoyle Monk on Aug 22, 2022.
             Slain by a goblin
             ... wielding a +0 dagger
             ... led by Robin
              (2 damage)
             ... on level 2 of the Dungeon.
             The game lasted 00:04:50 (1109 turns).

Gabide the Skirmisher (Gargoyle Monk)               Turns: 1109, Time: 00:04:51

Health: 0/23       AC:  7    Str: 14    XL:     3   Next: 8%
Magic:  3/3        EV: 12    Int: 12    God:
Gold:   64         SH:  0    Dex: 12    Spells: 2/2 levels left

rFire   . . .      SeeInvis .   a - +0 mace
rCold   . . .      Faith    .   (no shield)
rNeg    + . .      Spirit   .   c - +0 robe
rPois   ∞          Reflect  .   (no helmet)
rElec   +          Harm     .   g - +1 cloak
rCorr   .          Rampage  .   (no gloves)
Will    .....                   (no boots)
Stlth   ++........              (no amulet)
HPRegen 0.07/turn               (no ring)
MPRegen 0.08/turn               (no ring)

@: no status effects
A: sickness immunity, AC +3, negative energy resistance 1, electricity
resistance, torment resistance 1, petrification resistance
a: no special abilities


You were on level 2 of the Dungeon.
You visited 1 branch of the dungeon, and saw 2 of its levels.

You collected 64 gold pieces.

Inventory:

Hand Weapons
 a - a +0 mace (weapon)
 b - a +0 hunting sling
Missiles
 d - 17 stones (quivered)
Armour
 c - a +0 robe (worn)
 g - a +1 cloak (worn)
Scrolls
 e - 2 scrolls of magic mapping {unknown}
Potions
 h - a potion of might {unknown}


   Skills:
 + Level 3.6 Fighting
 + Level 3.3 Maces & Flails
 + Level 2.7 Dodging
 + Level 2.7 Stealth


You had 2 spell levels left.
You didn't know any spells.
Your spell library was empty.

Dungeon Overview and Level Annotations

Branches:
Dungeon (2/15)

Altars:

Annotations:
D:2 Robin


Innate Abilities, Weirdness & Mutations

You are immune to sickness and miasma.
Your stone body is resilient. (AC +3)
You are immune to poison.
You resist negative energy. (rN+)
You are resistant to electric shocks. (rElec)
You are resistant to unholy torment.
You are immune to petrification.


Message History

You hit Robin.
Robin is heavily wounded.
Robin hits you but does no damage. The goblin hits you but does no damage.
Robin completely misses you.
You closely miss Robin.
Robin is heavily wounded.
The goblin misses you. Robin misses you.
You hit Robin.
Robin is almost dead.
The hobgoblin no longer looks unusually strong.
The goblin hits you with a +0 dagger. The hobgoblin closely misses you.
Robin roars a battlecry!
The hobgoblin goes into a battle-frenzy!
The goblin hits you but does no damage.
You hear a shout!
You barely miss Robin. You punch Robin.
Robin is almost dead.
The hobgoblin hits you but does no damage.
Robin hits you but does no damage.
A goblin comes into view. It is wielding a +0 club.
The goblin barely misses you. The hobgoblin closely misses you.
You hit Robin but do no damage.
Robin is almost dead.
Robin barely misses you. The goblin hits you with a +0 dagger.
The hobgoblin hits you but does no damage.
Robin completely misses you.
You closely miss Robin.
Robin is almost dead.
The goblin hits you with a +0 dagger. The hobgoblin closely misses you.
Robin hits you with a +3 whip of venom.
* * * LOW HITPOINT WARNING * * *
The goblin barely misses you.
Robin roars a battlecry!
The goblin goes into a battle-frenzy!
The goblin no longer looks unusually strong.
The goblin hits you but does no damage.
Robin roars a battlecry!
The goblin goes into a battle-frenzy!
You barely miss the hobgoblin. The goblin hits you with a +0 dagger.
You die...

...........#
...........#
####+#+#(### #.#.#(# #
#.#..(# # #.##.g# #
#.##.g# # #.##gg# #
#.##.@#
############.##..######
......................#
############..........#
# #####.####.# # #.#
#.# # ### ###


You could see Robin, a hobgoblin (strong) and 2 goblins.

Vanquished Creatures
  A dart slug (D:1)
  A giant cockroach (D:1)
  7 goblins
  6 hobgoblins
  A kobold (D:2)
  A ball python (D:1)
  2 bats (D:1)
  A frilled lizard (D:1)
20 creatures vanquished.

Notes
Turn   | Place    | Note
-------+----------+-------------------------------------------
     0 | D:1      | Gabide the Gargoyle Monk began the quest for the Orb.
     0 | D:1      | Reached XP level 1. HP: 14/14 MP: 1/1
   184 | D:1      | Reached XP level 2. HP: 15/19 MP: 2/2
   763 | D:1      | Found a faded altar of an unknown god.
  1052 | D:2      | Reached XP level 3. HP: 16/23 MP: 3/3
  1085 | D:2      | Noticed Robin
  1109 | D:2      | Slain by a goblin

Illustrated notes

Levels and vault maps discovered:
D:1:      dpeg_arrival_round_c, layout_basic, basic_ecumenical_altar,
          minivault_26
D:2:      layout_basic, basic_altar, uniq_crazy_yiuf_cottage, uniq_robin

Action                   || total
-------------------------++-------
Melee: Mace              ||    31
       Punch             ||     2
 Fire: Hunting sling     ||    37
Throw: Dart              ||     2
Armor: Robe              ||    19
Dodge: Dodged            ||    23
